[Event "*** SCC Grand Prix: Titled Tuesday Blitz"]
[Site "Chess.com"]
[Date "2020.07.21"]
[Round "1"]
[White "Bulldog167"]
[Black "Orest_Vovk"]
[Result "1-0"]
[WhiteElo "2750"]
[BlackElo "2381"]
[TimeControl "180+1"]
[EndTime "10:07:25 PDT"]
[Termination "Bulldog167 won by resignation"]

1. Nf3 h6 2. g3 g5 3. h3 Bg7 4.
Bg2 d6 5. c4 c5 6. Nc3 Nc6 7.
d3 Nf6 8. Qd2 g4 9. hxg4 Nxg4 10. b3 Nd4 11. Bb2 Nxf3+ 12. Bxf3 Rb8 13. Nd5 Bxb2 14. Qxb2 Ne5 15. Bg2 f6 16. Qd2 Nf7 17. Be4 Be6 18. Nf4 Qd7 19. O-O-O Ng5 20. Bg2 Bf7 21. Kb2 b5 22. Ka1 bxc4 23. dxc4 Qf5 24.
Bd5 Qe5+ 25. Kb1 Ne4 26. Bxe4 Qxe4+ 27. Qd3 Qxd3+ 28. exd3 a5 29. Kc2 Kd7 30. Ne2 Bg6 31. Nc3 e6 32. Kd2 h5 33. Ke3 Kc6 34. d4 cxd4+ 35. Rxd4 Rhd8 36. Rhd1 Bf7 37. Nb5 d5 38. Nc3 dxc4 39. Rxd8 Rxd8 40. Rxd8 cxb3 41. axb3 e5 42. Ra8 Bxb3 43. Rxa5 Kd6 44. Ra6+ Ke7 45. Ne4 Be6 46. Ra7+ Kf8 47. Nc5 Bg4 48. Nd7+ Kf7 49. Nxe5+ Ke6 50. Nxg4 1-0

[Event "*** SCC Grand Prix: Titled Tuesday Blitz"]
[Site "Chess.com"]
[Date "2020.07.21"]
[Round "1"]
[White "Kezin_Roman"]
[Black "TheWolfSpur"]
[Result "1-0"]
[WhiteElo "2723"]
[BlackElo "2368"]
[TimeControl "180+1"]
[EndTime "10:07:26 PDT"]
[Termination "Kezin_Roman won by resignation"]

1. d4 Nf6 2. c4 c5 3. d5 e6 4. Nc3 exd5 5. cxd5 d6 6. e4 g6 7. Nf3 a6 8. a4 Bg4 9. Be2 Bg7 10. Nd2 Bxe2 11.
Qxe2 O-O 12. O-O Nbd7 13. Nc4 Nb6 14. Na3 Qe7 15. a5 Nbd7 16. Nc4 Rae8 17. Re1 Ne5 18. Bf4 Nxc4 19. Qxc4 Nd7 20. Qe2 f5 21. Qd2 Bxc3 22. bxc3 fxe4 23. Bg3 Nf6 24. Rab1 Nh5 25. c4 Nxg3 26.
hxg3 Qc7 27. Re3 Re5 28. Rb6 Rf7 29. Reb3 Ref5 30. Qe3 Rxf2 31. Rxb7 Rf1+ 32. Kh2 Qxb7 33. Rxb7 Rxb7 34. Qxe4 Rbf7 35. Qe6 Kg7 36. Qxd6 R7f5 37. g4 R5f2 38. Qxc5 Rd2 39. Qe7+ Kg8 40. d6 Rff2 41. Qe8+ Kg7 42. Qe4 Rfe2 43. Qb7+ Kh6 44. c5 Kg5 45. d7 h5 46. gxh5 Kxh5 47. Qf3+ Kg5 48. Qxe2 Rxe2 1-0

[Event "*** SCC Grand Prix: Titled Tuesday Blitz"]
[Site "Chess.com"]
[Date "2020.07.21"]
[Round "1"]
[White "Omk124"]
[Black "TheCount"]
[Result "1/2-1/2"]
[WhiteElo "2347"]
[BlackElo "2673"]
[TimeControl "180+1"]
[EndTime "10:07:27 PDT"]
[Termination "Game drawn by repetition"]

1. Nf3 Nf6 2. g3 g6 3. Bg2 Bg7 4. O-O O-O 5. d3 d5 6. Nbd2 c5 7. e4 Nc6 8. Re1 dxe4 9. dxe4 Bg4 10. h3 Bxf3 11. Qxf3 Nd4 12. Qd3 Nd7 13. c3 Ne5 14.
Qb1 Ndc6 15. Nf3 Nxf3+ 16. Bxf3 Ne5 17. Bg2 c4 18. Be3 Qc7 19. Rd1 Rfd8 20. Qc2 Nd3 21. Bf1 Ne5 22. Rxd8+ Rxd8 23. Rd1 a6 24. Be2 h5 25. h4 b5 26. Kg2 Rd7 27. a4 Qc6 28. Rxd7 Qxd7 29. axb5 axb5 30. Qd2 Nd3 31. Kg1 b4 32.
cxb4 Qb5 33. Bxd3 cxd3 34. f3 Qc4 35. Kf2 Qb3 36. Bc5 Bxb2 37. Ke3 Qc2 38. Qxd3 Bc1+ 39.
Kd4 Bb2+ 40. Ke3 Bc1+ 41. Kd4 Bb2+ 42. Ke3 1/2-1/2

[Event "*** SCC Grand Prix: Titled Tuesday Blitz"]
[Site "Chess.com"]
[Date "2020.07.21"]
[Round "1"]
[White "CroissantNeuf"]
[Black "GMBenjaminBok"]
[Result "0-1"]
[WhiteElo "2431"]
[BlackElo "2873"]
[TimeControl "180+1"]
[EndTime "10:07:29 PDT"]
[Termination "GMBenjaminBok won on time"]

1. e4 c5 2. Nf3 d6 3. Bb5+ Nd7 4. Ba4 Nf6 5. O-O a6 6. c4 g6 7. Nc3 Bg7 8. d4 cxd4 9. Nxd4 O-O 10. f3 Qc7 11.
Nd5 Nxd5 12. cxd5 Nb6 13. Bb3 Nc4 14. Kh1 Bd7 15. Bxc4 Qxc4 16. Be3 Rfc8 17. Qd2 Qa4 18.
h3 Rc7 19. f4 Rac8 20. f5 Rc4 21. Rad1 Qb4 22. Qf2 Be8 23. b3 Rc3 24. Bg5 R8c7 25. Ne2 Rc2 26. Qf3 Rxa2 27. Nf4 a5 28. fxg6 hxg6 29.
h4 Qc3 30. Qg4 Qe5 31. h5 Qxe4 32. hxg6 fxg6 33. Rde1 Qf5 34. Qxf5 gxf5 35. Bxe7 Bf7 36. Bxd6 Rd7 37. Be5 Bxd5 38. Bxg7 Kxg7 0-1

[Event "*** SCC Grand Prix: Titled Tuesday Blitz"]
[Site "Chess.com"]
[Date "2020.07.21"]
[Round "1"]
[White "ellatambien"]
[Black "Zkid"]
[Result "0-1"]
[WhiteElo "2395"]
[BlackElo "2791"]
[TimeControl "180+1"]
[EndTime "10:07:29 PDT"]
[Termination "Zkid won on time"]

1. e4 c5 2. Nf3 Nc6 3. Bb5 g6 4. Bxc6 bxc6 5. d3 Bg7 6. Nc3 Nf6 7. O-O O-O 8. Re1 d6 9. h3 Rb8 10. Rb1 Nd7 11. Bd2 f5 12. exf5 Rxf5 13. b3 Ne5 14. Nxe5 Bxe5 15. Ne4 Qf8 16. Qe2 Be6 17. Bc3 Bd5 18. Bxe5 Rxe5 19. c4 Bxe4 20. dxe4 Qf4 21.
Qe3 Qxe3 22. Rxe3 a5 23. f4 Re6 24. Kf2 Rf6 25. Kg3 a4 26. e5 Re6 27. Rbe1 Kf7 28. exd6 Rxe3+ 29. Rxe3 exd6 30. bxa4 Rb4 31. Ra3 Rxc4 32.
a5 Re4 33. a6 Re8 34. a7 Ra8 35. Kf3 Ke6 36. g4 d5 37. Ra6 Kd6 38. Ke3 Kc7 39. f5 gxf5 40. gxf5 Kd6 41. Kf4 c4 42. Ra5 c3 43. Ke3 c5 44. Kd3 d4 45. f6 c4+ 46. Kc2 Ke6 47. Ra6+ Kf7 0-1

[Event "*** SCC Grand Prix: Titled Tuesday Blitz"]
[Site "Chess.com"]
[Date "2020.07.21"]
[Round "1"]
[White "ehrenfeld"]
[Black "Zarinur"]
[Result "1-0"]
[WhiteElo "2519"]
[BlackElo "2114"]
[TimeControl "180+1"]
[EndTime "10:07:29 PDT"]
[Termination "ehrenfeld won by checkmate"]

1. e4 e5 2. Nc3 Nf6 3. f4 d5 4.
fxe5 Nxe4 5. Qf3 Nxc3 6. bxc3 Be7 7. d4 O-O 8. Bd3 h6 9. Ne2 c5 10. O-O c4 11. Bf5 Bxf5 12. Qxf5 Qd7 13. Qxd7 Nxd7 14.
Nf4 Nb6 15. a4 g5 16. Nh5 Nd7 17. Rb1 Rab8 18. h4 Nb6 19. a5 Nd7 20. Rb5 b6 21.
Rxd5 Rfd8 22. axb6 Nxb6 23. Ra5 Rb7 24. Nf6+ Bxf6 25.
Rxf6 Kg7 26. hxg5 hxg5 27. Bxg5 Rh8 28. Rc6 Rh5 29. Bf6+ Kh7 30. g4 Rh3 31. d5 Rxc3 32. e6 fxe6 33. Bxc3 Nxd5 34. Be5 Rb1+ 35. Kf2 c3 36.
Rxa7+ Kg6 37. Rxe6+ Kg5 38. Rg7+ Kh4 39. Rh6# 1-0

[Event "*** SCC Grand Prix: Titled Tuesday Blitz"]
[Site "Chess.com"]
[Date "2020.07.21"]
[Round "1"]
[White "antoszu"]
[Black "VladaSviridova"]
[Result "1-0"]
[WhiteElo "2528"]
[BlackElo "2126"]
[TimeControl "180+1"]
[EndTime "10:07:30 PDT"]
[Termination "antoszu won on time"]

1. d4 d5 2. c4 c6 3. Nc3 Nf6 4. Nf3 dxc4 5. a4 Bf5 6. Ne5 Nbd7 7. Nxc4 Qc7 8. g3 e5 9. dxe5 Nxe5 10. Bf4 Nfd7 11.
Bg2 f6 12. O-O g5 13. Bxe5 Nxe5 14. Nxe5 fxe5 15. e4 Bg6 16. Qg4 Qe7 17. Rad1 h5 18. Qe2 Bg7 19. a5 O-O 20. a6 b5 21. Qe3 Rad8 22.
Bf3 Kh7 23. Be2 Rd4 24. Rfe1 Rfd8 25. Bf1 g4 26. Qe2 Bh6 27. Bg2 Rd2 28. Qf1 Rxb2 29.
Rxd8 Qxd8 30. f3 Qd4+ 31. Kh1 gxf3 32. Qxf3 Bd2 33. Rf1 Bxc3 34. Qf8 Qd7 35. Bh3 Qg7 36. Qf3 Rc2 37. Bf5 1-0

[Event "*** SCC Grand Prix: Titled Tuesday Blitz"]
[Site "Chess.com"]
[Date "2020.07.21"]
[Round "1"]
[White "doons21"]
[Black "UKR_Master"]
[Result "0-1"]
[WhiteElo "2640"]
[BlackElo "2340"]
[TimeControl "180+1"]
[EndTime "10:07:33 PDT"]
[Termination "UKR_Master won by checkmate"]

1. c4 e5 2. d3 Nf6 3. g3 Nc6 4. Bg2 Be7 5. Nc3 O-O 6. e4 d6 7. Nge2 Nd4 8. h3 Nd7 9. Be3 Nxe2 10. Qxe2 Bg5 11. f4 exf4 12. gxf4 Bh4+ 13. Kd2 f5 14. Kc2 fxe4 15. Nxe4 Nf6 16. Rhg1 Bf5 17. Bd4 Re8 18.
Bf3 g6 19. Qg2 Nxe4 20. dxe4 Be6 21. b3 Bf6 22. Qd2 Bf7 23. Rg4 c5 24. Bc3 a6 25.
Rag1 Rc8 26. f5 Kg7 27. h4 Bxc3 28. Qxc3+ Qf6 29. fxg6 Qxc3+ 30. Kxc3 hxg6 31. h5 Rh8 32. hxg6 Be6 33. R4g3 Rcf8 34. Kd2 b5 35. cxb5 axb5 36. Ke3 Rh2 37. Rd1 Rd8 38. Rd2 Rh4 39. Rg5 Rh3 40. Rf2 Rf8 41. a4 b4 42. a5 Bxb3 43. e5 Bd5 44.
exd6 Bxf3 45. Rxc5 Bg4+ 46. Kd4 Rxf2 47. Rc7+ Kxg6 48.
Kc5 Rc2+ 49. Kb6 Rxc7 50. dxc7 b3 51. Ka7 b2 52. c8=Q Bxc8 53. a6 Bxa6 54. Ka8 b1=Q 55. Ka7 Qb7# 0-1

[Event "*** SCC Grand Prix: Titled Tuesday Blitz"]
[Site "Chess.com"]
[Date "2020.07.21"]
[Round "1"]
[White "AniJak"]
[Black "csati17"]
[Result "0-1"]
[WhiteElo "2310"]
[BlackElo "2643"]
[TimeControl "180+1"]
[EndTime "10:07:33 PDT"]
[Termination "csati17 won by resignation"]

1. e4 e6 2. d4 d5 3. Nd2 Nf6 4. e5 Nfd7 5. Bd3 c5 6. c3 Nc6 7. Ne2 cxd4 8. cxd4 f6 9. exf6 Nxf6 10. O-O Bd6 11. Nf3 O-O 12. Bg5 Bd7 13. Rc1 Rc8 14. Bb1 Be8 15. Re1 Bh5 16. Ng3 Bxg3 17. hxg3 Qd7 18.
Qd2 h6 19. Bxf6 Rxf6 20. Ne5 Nxe5 21. Rxe5 Rxc1+ 22. Qxc1 Bf7 23. Re3 Bh5 24. Rc3 Rf8 25.
Rc7 Qa4 26. Qc2 Qxc2 27. Bxc2 Rb8 28. Ba4 Kf8 29. Bd7 Ke7 30. Ba4+ Kf8 31. Bd7 Ke7 32. Ba4+ Kf6 33. f3 a6 34. Bd7 Bf7 35. Bc8 b6 36.
Rc6 Be8 37. Rc7 a5 38. a3 g5 39. Kf2 e5 40. dxe5+ Kxe5 41. Ke3 d4+ 42. Kd2 Kd6 43. Rc1 Bg6 44. Bg4 b5 45. f4 h5 46. Be2 gxf4 47. gxf4 Be4 48. g3 Rg8 49. Rg1 h4 50. g4 h3 51. Bxb5 h2 52. Re1 h1=Q 53. Rxh1 Bxh1 54. g5 Be4 55. Bc4 Rf8 56. g6 Bxg6 0-1

[Event "*** SCC Grand Prix: Titled Tuesday Blitz"]
[Site "Chess.com"]
[Date "2020.07.21"]
[Round "1"]
[White "BlackBoarder"]
[Black "KaspMagAlpha"]
[Result "1-0"]
[WhiteElo "2578"]
[BlackElo "2226"]
[TimeControl "180+1"]
[EndTime "10:07:33 PDT"]
[Termination "BlackBoarder won by checkmate"]

1. e4 c5 2. Nf3 e6 3. c3 Nf6 4. e5 Nd5 5. d4 cxd4 6. cxd4 d6 7. Bd3 Nc6 8. a3 Be7 9. O-O O-O 10. Qe2 dxe5 11. dxe5 f5 12. exf6 Nxf6 13. Nc3 Nd4 14. Nxd4 Qxd4 15. Bc4 Qg4 16. Re1 Bc5 17. h3 Qxe2 18.
Rxe2 Re8 19. Be3 Bd6 20. Nb5 Bb8 21. Rd1 a6 22. Nd6 Bxd6 23. Rxd6 b5 24. Bb3 Kf7 25. Rc2 Re7 26. f3 h6 27. Bd4 Ne8 28. Rb6 Rc7 29.
Re2 Rc1+ 30. Kh2 Nc7 31. Be5 Nd5 32. Rd6 Nc7 33. Bg3 Ra7 34. Rd4 Bd7 35. Rxd7+ Ke8 36. Rxg7 Rb7 37. Bxe6 Nxe6 38. Rxb7 Kf8 39. Rxe6 Rc8 40.
Rxa6 Kg8 41. Rxh6 b4 42. Be5 bxa3 43. Rh8# 1-0

[Event "*** SCC Grand Prix: Titled Tuesday Blitz"]
[Site "Chess.com"]
[Date "2020.07.21"]
[Round "1"]
[White "GadimbayliA"]
[Black "sotochess"]
[Result "1-0"]
[WhiteElo "2867"]
[BlackElo "2428"]
[TimeControl "180+1"]
[EndTime "10:07:34 PDT"]
[Termination "GadimbayliA won by resignation"]

1. e4 d5 2. exd5 Qxd5 3. Nc3 Qa5 4. d4 Nf6 5. Nf3 c6 6. Bd2 Bg4 7. Bc4 e6 8. Qe2 Nbd7 9. O-O-O O-O-O 10. Nd5 Qa4 11. Bb3 Bxf3 12. Qxf3 Qa6 13. Nc3 Bb4 14. Ne4 Bxd2+ 15. Rxd2 Nxe4 16. Qxe4 Nf6 17. Qf3 Qb6 18. Rhd1 Rd7 19. c3 Rhd8 20. g4 h6 21. h4 Qc7 22. c4 c5 23. g5 hxg5 24. hxg5 Nh7 25. g6 Ng5 26. Qg4 f6 27. d5 exd5 28. Rxd5 Qc6 29.
Bc2 Kc7 30. Qg3+ Kb6 31. Qb3+ Kc7 32. f4 Ne6 33. Bf5 Nd4 34. R1xd4 cxd4 35. Bxd7 Rxd7 36. Kd2 Rxd5 37. cxd5 Qc5 38. f5 b5 39. Kd3 Kd6 40. Ke4 Qc4 41. Qxc4 bxc4 42. Kxd4 1-0

[Event "*** SCC Grand Prix: Titled Tuesday Blitz"]
[Site "Chess.com"]
[Date "2020.07.21"]
[Round "1"]
[White "Angel_Hranitel_37"]
[Black "swimmerchess"]
[Result "0-1"]
[WhiteElo "2402"]
[BlackElo "2801"]
[TimeControl "180+1"]
[EndTime "10:07:34 PDT"]
[Termination "swimmerchess won by resignation"]

1. d4 Nf6 2. Nf3 g6 3. g3 Bg7 4. Bg2 O-O 5. O-O d6 6. Nc3 Nbd7 7. a4 e5 8. dxe5 dxe5 9. Nd2 c6 10. Nc4 Qe7 11.
b3 Rd8 12. Ba3 Qe6 13. Qd6 Qxd6 14. Bxd6 Bf8 15. Bc7 Re8 16. Rad1 Bb4 17. Na2 Bc5 18. a5 e4 19. Nd6 Re6 20. b4 Bxd6 21. Bxd6 Ne5 22.
Bc5 Re8 23. Bd4 Bg4 24. f3 exf3 25. exf3 Bf5 26. f4 Ned7 27. c4 Be4 28. Nc3 Bxg2 29.
Kxg2 Re6 30. Rfe1 Rxe1 31. Rxe1 Kf8 32. Kf3 b6 33. Ra1 c5 34. Bxf6 Nxf6 35. axb6 cxb4 36. Nb5 a5 37. b7 Rb8 38. Rxa5 Rxb7 39. Ra4 Nd5 40.
Nd6 b3 41. Nxb7 b2 42. Ra8+ Kg7 43. cxd5 b1=Q 44. Rb8 Qd3+ 45. Kf2 Qxd5 46. Rd8 Qxb7 47. Rd2 Qb6+ 48. Kg2 h5 49. h4 Qe3 50. Rf2 Kf6 51.
Rf3 Qe4 52. Kf2 Kf5 53. Re3 Qc2+ 54. Kf3 Qd1+ 55. Kf2 Kg4 56. Re5 Qf3+ 57. Ke1 Qxg3+ 0-1

[Event "*** SCC Grand Prix: Titled Tuesday Blitz"]
[Site "Chess.com"]
[Date "2020.07.21"]
[Round "1"]
[White "harkerchess"]
[Black "Oglob71"]
[Result "0-1"]
[WhiteElo "2105"]
[BlackElo "2517"]
[TimeControl "180+1"]
[EndTime "10:07:34 PDT"]
[Termination "Oglob71 won by resignation"]

1. d4 Nf6 2. Bg5 d5 3. Bxf6 exf6 4. e3 c6 5. c4 dxc4 6. Bxc4 Bd6 7. Nc3 O-O 8. Nge2 Nd7 9. O-O Nb6 10. Bb3 Re8 11. Bc2 Qc7 12. h4 Bg4 13. Qd3 g6 14. Ne4 Be7 15. N2g3 Nd5 16. h5 Nb4 17. Qc3 Nxc2 18. Qxc2 Rad8 19. Rac1 f5 20. Nd2 f4 21. hxg6 hxg6 22.
exf4 Qxf4 23. Nb3 Bd6 24. Rfe1 Be6 25. Re4 Qh6 26. Qc3 Bd7 27. Rce1 Rxe4 28. Rxe4 Re8 29. Rxe8+ Bxe8 30. Nc5 b6 31. Nce4 Be7 32. Qe3 Qxe3 33. fxe3 Bd7 34. Kf2 f5 35. Nd2 Be6 36. b3 c5 37. Nf3 Bd5 38. Ne5 Kg7 39. dxc5 Bxc5 40. Nd3 Bd6 41. Nf4 Bf7 42. Kf3 Kf6 43. Nge2 g5 44.
Nd3 Bd5+ 45. Kf2 a5 46. Nc3 Bc6 47. a4 Ke6 48. g4 fxg4 49. e4 Be5 50. Nxe5 Kxe5 51.
Ke3 g3 52. Kf3 g2 53. Kxg2 Bxe4+ 54. Kg3 Bf5 55. Na2 Be6 56. Nc1 Kd4 57. Kf3 Kc3 58. Kg3 Bxb3 59. Kg4 Bc4 60. Kxg5 Kc2 61. Kf5 Kxc1 62.
Ke5 Kb2 63. Kd6 Kb3 64. Kc6 Kxa4 65. Kxb6 Kb4 0-1

[Event "*** SCC Grand Prix: Titled Tuesday Blitz"]
[Site "Chess.com"]
[Date "2020.07.21"]
[Round "1"]
[White "Ariadna_Atreides"]
[Black "Diego_FloresQ"]
[Result "1-0"]
[WhiteElo "2103"]
[BlackElo "2498"]
[TimeControl "180+1"]
[EndTime "10:07:35 PDT"]
[Termination "Ariadna_Atreides won by resignation"]

1. d4 Nf6 2. Nf3 c5 3. e3 d5 4. Bd3 Nc6 5. O-O Bg4 6. c3 e6 7. Nbd2 Be7 8. h3 Bh5 9. Be2 O-O 10. Ne5 Bxe2 11. Qxe2 Rc8 12. Ndf3 Nd7 13. Nxc6 Rxc6 14. e4 dxe4 15. Qxe4 Qb6 16. Rd1 Rcc8 17. Be3 Nf6 18. Qc2 Nd5 19. dxc5 Nxe3 20. fxe3 Bxc5 21. Nd4 e5 22.
Nf5 g6 23. Nh6+ Kg7 24. Ng4 h5 25. Nxe5 Bxe3+ 26. Kh1 Rfe8 27. Nf3 Bf4 28. Rd7 Rc7 29. Rxc7 Qxc7 30. c4 Kh7 31. Rf1 Kg8 32. b3 Re3 33. Nd4 Qe5 34. Qf2 g5 35. Nf3 Qe7 36. h4 g4 37. Ng5 Bxg5 38. hxg5 Re5 39. Qxa7 Qxg5 40. Qb8+ Kg7 41. Qxb7 Re2 42. Qxf7+ Kh8 43. Qf8+ Qg8 44. Qh6+ 1-0

[Event "*** SCC Grand Prix: Titled Tuesday Blitz"]
[Site "Chess.com"]
[Date "2020.07.21"]
[Round "1"]
[White "Yashasd1995"]
[Black "FeketeBarika"]
[Result "1-0"]
[WhiteElo "2555"]
[BlackElo "2156"]
[TimeControl "180+1"]
[EndTime "10:07:36 PDT"]
[Termination "Yashasd1995 won by resignation"]

1. b3 e5 2. Bb2 Nc6 3. e3 Nf6 4. Bb5 d6 5. Nf3 Bd7 6. d4 exd4 7. exd4 d5 8. O-O Be7 9. a3 O-O 10. h3 Ne4 11. Nbd2 Bd6 12. Re1 Re8 13. Bd3 f5 14.
c4 Ne7 15. cxd5 Nxd2 16. Qxd2 Nxd5 17. Ne5 Bxe5 18. dxe5 Be6 19. Rad1 c6 20. b4 a6 21. Bd4 Qh4 22. Bc5 Rad8 23. Bd6 Kh8 24. Qc2 Nf4 25. Bf1 Qg5 26. Rd4 Nxh3+ 27. Kh2 Nf4 28.
Qd2 Qh5+ 29. Kg1 Nd5 30. Rd3 Bg8 31. Rh3 Qg6 32. Rg3 Qf7 33. Bc4 Qe6 34. Rd1 Qd7 35.
Qg5 Nc7 36. Bd3 Ne6 37. Qxf5 g6 38. Qf6+ Qg7 39. Qh4 Rd7 40. Rxg6 Qf7 41. Rf6 Qg7 42. Rg6 Qf7 43. Rg4 Nf8 44. Bc4 Ne6 45. Rd3 Qf5 46. Rf3 Qb1+ 47. Kh2 Ng7 48. Bd3 Qc1 49.
Rh3 Ne6 50. Qf6+ Rg7 51. Rhg3 1-0

[Event "*** SCC Grand Prix: Titled Tuesday Blitz"]
[Site "Chess.com"]
[Date "2020.07.21"]
[Round "1"]
[White "DenLaz"]
[Black "PavelChernomordik"]
[Result "1-0"]
[WhiteElo "2708"]
[BlackElo "2350"]
[TimeControl "180+1"]
[EndTime "10:07:37 PDT"]
[Termination "DenLaz won by checkmate"]

1. d4 g6 2. c4 Bg7 3. e4 Nc6 4. Nf3 d6 5. d5 Ne5 6. Nxe5 Bxe5 7. Bd3 c6 8. O-O Nf6 9. Nc3 e6 10. h3 exd5 11. exd5 O-O 12. Qf3 cxd5 13. Bg5 Kg7 14.
Nxd5 h6 15. Bh4 g5 16. Bg3 Nxd5 17. Qxd5 Bxg3 18. fxg3 Qb6+ 19. Kh2 Be6 20. Qe4 Rh8 21. Qf3 Qd4 22. Rad1 Qe5 23. Be4 Raf8 24. Bd5 Qxb2 25. Rb1 Qe5 26. Bxe6 fxe6 27. Rxb7+ Kg6 28. Qd3+ Rf5 29.
Rb5 d5 30. cxd5 exd5 31. Ra5 Rf8 32. Ra6+ Rf6 33. Rxa7 Qe4 34. Qxe4 dxe4 35. Re1 Rf2 36.
Rxe4 Rb2 37. Ree7 Rff2 38. Ra6+ Kh5 39. g4+ Kh4 40. Rxh6# 1-0

[Event "*** SCC Grand Prix: Titled Tuesday Blitz"]
[Site "Chess.com"]
[Date "2020.07.21"]
[Round "1"]
[White "PavelShkapenko"]
[Black "fabianvivasz"]
[Result "1-0"]
[WhiteElo "2623"]
[BlackElo "2281"]
[TimeControl "180+1"]
[EndTime "10:07:37 PDT"]
[Termination "PavelShkapenko won on time"]

1. e4 e5 2. Nf3 Nc6 3. g3 Nf6 4. d3 d5 5. exd5 Nxd5 6. Bg2 Bc5 7. O-O O-O 8. Bd2 Bg4 9. Nc3 Nd4 10. Nxd5 Qxd5 11.
Nxd4 Qxd4 12. Qc1 c6 13. Bc3 Qd6 14. Qg5 f5 15. h3 h6 16. Qd2 Bh5 17. Rae1 Rae8 18.
Kh1 f4 19. Be4 Bg6 20. Qe2 Bxe4+ 21. Qxe4 Qe6 22. Kh2 Bxf2 23. Rxf2 fxg3+ 24. Kxg3 Rxf2 25. Kxf2 Qxh3 26. Qg2 Rf8+ 27. Kg1 Qf5 28. Bxe5 Rf7 29. d4 c5 30. Rf1 Qe6 31. Rxf7 Qxf7 32. d5 g6 33. Qg4 Kh7 34. Qc8 g5 35. Qe6 Qxe6 36. dxe6 Kg8 37. Bf6 Kf8 38. Kg2 g4 39. Kg3 h5 40.
Kh4 c4 41. Kxh5 g3 42. Kg4 g2 43. Bd4 Ke7 44. Kf5 a6 45. Ke5 1-0

[Event "*** SCC Grand Prix: Titled Tuesday Blitz"]
[Site "Chess.com"]
[Date "2020.07.21"]
[Round "1"]
[White "Munguntuul_B"]
[Black "Oleksandr_Bortnyk"]
[Result "0-1"]
[WhiteElo "2417"]
[BlackElo "2943"]
[TimeControl "180+1"]
[EndTime "10:07:38 PDT"]
[Termination "Oleksandr_Bortnyk won by resignation"]

1. e4 Nf6 2. e5 Nd5 3. d4 d6 4. Nf3 dxe5 5. Nxe5 c6 6. Bc4 Nd7 7. O-O Nxe5 8. dxe5 Be6 9. Qf3 g6 10. Re1 Bg7 11.
Bg5 Qb6 12. Bb3 h6 13. Bd2 a5 14. a4 O-O 15. Na3 Qd4 16. Nc4 b6 17. Re4 Qc5 18. Rae1 Rfd8 19. h3 b5 20. axb5 a4 21. Ba2 cxb5 22.
Ne3 Nxe3 23. Bxe6 fxe6 24. Bxe3 Qxc2 25. Qg4 Kh7 26. Rc1 Qxb2 27. Qxe6 a3 28. Rg4 g5 29. Bxg5 Qxe5 30. Qxe5 Bxe5 31. Bxe7 Rd7 32. Bxa3 Rxa3 33. Re4 Bg7 34. g3 Rb3 35. Re6 Rb7 36. Rc2 Rb1+ 37.
Kg2 b4 38. Rcc6 b3 39. Rb6 Rxb6 40. Rxb6 b2 41. h4 Rc1 42. h5 b1=Q 43. Rxb1 Rxb1 0-1

[Event "*** SCC Grand Prix: Titled Tuesday Blitz"]
[Site "Chess.com"]
[Date "2020.07.21"]
[Round "1"]
[White "Jaka_Brilej"]
[Black "Gareth-Bale11"]
[Result "1/2-1/2"]
[WhiteElo "2358"]
[BlackElo "2702"]
[TimeControl "180+1"]
[EndTime "10:07:38 PDT"]
[Termination "Game drawn by agreement"]

1. e4 c5 2. Nf3 Nc6 3. d4 cxd4 4. Nxd4 Nf6 5. Nc3 e5 6. Ndb5 d6 7. Bg5 a6 8. Na3 b5 9. Nd5 Be7 10. Bxf6 Bxf6 11. c3 Bg5 12. Nc2 Rb8 13. a4 bxa4 14. Ncb4 Nxb4 15. cxb4 a5 16. Qxa4+ Bd7 17. Qxa5 O-O 18.
Qxd8 Rfxd8 19. Bc4 Bc6 20. O-O g6 21. h3 Kg7 22. Ra7 Rd7 23. Rxd7 Bxd7 24. Ra1 Rb7 25. b3 f5 26. exf5 Bxf5 27. b5 Be6 28. Ra6 Bxd5 29.
Bxd5 Rxb5 30. Rxd6 Be7 31. Rd7 Kf6 32. Bc4 Ra5 33. Rd2 h5 34. g3 h4 35. Kg2 g5 36.
gxh4 gxh4 37. Kf3 Kg5 38. Rd7 Bc5 39. Rd5 Bb4 40. Rxa5 Bxa5 41. Ke4 Kf6 42. Kd5 Bc3 43. Ba6 Ke7 44. Bc8 Kd8 45. Bg4 Kc7 46. Kc4 Be1 47. f3 Kd6 48. b4 Bf2 49. b5 Kc7 50. Kd5 Bg3 51. Ke4 Kb6 52. Bd7 Kc7 53. Bc6 Kb6 54. Kd5 Bh2 55. Ke6 Bg3 56. Kf5 Kc7 57. Kg4 Kb6 58. Kh5 Kc7 59. Kg4 1/2-1/2

[Event "*** SCC Grand Prix: Titled Tuesday Blitz"]
[Site "Chess.com"]
[Date "2020.07.21"]
[Round "1"]
[White "Shivagami"]
[Black "FontVella8"]
[Result "0-1"]
[WhiteElo "2229"]
[BlackElo "2579"]
[TimeControl "180+1"]
[EndTime "10:07:39 PDT"]
[Termination "FontVella8 won by resignation"]

1. d4 Nf6 2. c4 b6 3. Nc3 Bb7 4.
f3 d5 5. cxd5 Nxd5 6. e4 Nxc3 7.
bxc3 e6 8. Bb5+ c6 9. Bd3 Nd7 10. Ne2 Be7 11. O-O O-O 12. e5 Re8 13. Ng3 c5 14. f4 cxd4 15. cxd4 Nf8 16. Be3 Rc8 17. Rc1 Rxc1 18. Qxc1 Qd7 19. f5 Rc8 20. Qd2 Bh4 21. f6 Bxg3 22. hxg3 Ng6 23. fxg7 Qd5 24. Qf2 Rc7 25.
Be2 Qxa2 26. Bh6 Qb2 27. Kh2 a5 28. Qf6 Re7 29. Bf3 Ba6 30. Rc1 Qxd4 31. Rd1 Bd3 32.
Be2 Qxe5 33. Qxe5 Nxe5 34. Bxd3 Ng4+ 35. Kh3 Nxh6 36. Bb5 Kxg7 37. Rd6 Rb7 38. g4 Kf6 39. Kg3 Ke5 40. Rd8 f5 41. g5 Nf7 42. Kh4 Nxd8 0-1

[Event "*** SCC Grand Prix: Titled Tuesday Blitz"]
[Site "Chess.com"]
[Date "2020.07.21"]
[Round "1"]
[White "RaunakSadhwani2005"]
[Black "Caterpiller35"]
[Result "1-0"]
[WhiteElo "2993"]
[BlackElo "2453"]
[TimeControl "180+1"]
[EndTime "10:07:40 PDT"]
[Termination "RaunakSadhwani2005 won on time"]

1. d4 Nf6 2. Bf4 d5 3. e3 c5 4. c3 Nc6 5. Nd2 e6 6. Ngf3 Bd6 7. Bg3 O-O 8. Bd3 b6 9. e4 Be7 10. e5 Nd7 11. O-O f6 12. exf6 Nxf6 13. Re1 Bd6 14.
Qe2 Bxg3 15. hxg3 Bd7 16. Bb5 Rc8 17. Bxc6 Rxc6 18. Ne5 Rc7 19. Ndf3 Bc8 20. Rad1 Ne4 21. Qe3 Qf6 22. Nd3 Ba6 23. Nf4 g5 24. Nh5 Qg6 25. g4 h6 26. Ne5 Qe8 27. f3 Nf6 28. Nxf6+ Rxf6 29. Kf2 Qb5 30. Rd2 cxd4 31. Qxd4 Rf4 32.
Qe3 Qc5 33. g3 Rf6 34. Kg2 Bb7 35. Rd4 Qf8 36. Rh1 Kg7 37. a4 Qd6 38. Rd2 Rc8 39. Qd4 Rcf8 40. a5 Qc5 41. axb6 axb6 42. Ra1 Bc8 43. Ra7+ Kg8 44. Qd3 1-0

[Event "*** SCC Grand Prix: Titled Tuesday Blitz"]
[Site "Chess.com"]
[Date "2020.07.21"]
[Round "1"]
[White "boo786"]
[Black "BocharovD"]
[Result "1-0"]
[WhiteElo "2403"]
[BlackElo "2748"]
[TimeControl "180+1"]
[EndTime "10:07:40 PDT"]
[Termination "boo786 won by checkmate"]

1. Nf3 c5 2. c4 Nc6 3. d4 cxd4 4. Nxd4 Nf6 5. Nc3 e6 6. g3 Qb6 7. Nb3 Ne5 8. e4 Bb4 9. Qe2 d6 10. Bd2 O-O 11. O-O-O a5 12. Be3 Qc6 13. Nd4 Qa6 14. Ndb5 Qc6 15. Nd4 Qe8 16. Ndb5 Qe7 17. a3 Bc5 18. Bxc5 dxc5 19. f4 Nc6 20. e5 Nd7 21.
Bg2 Nd4 22. Nxd4 cxd4 23. Rxd4 Nc5 24. Rd6 Bd7 25. Rhd1 Bc6 26. Bxc6 bxc6 27. Qe3 Qa7 28.
Kc2 Rfb8 29. Na4 Qb7 30. Qxc5 Qb3+ 31. Kc1 Qxa4 32. Qxc6 Qb3 33. Qb5 Qe3+ 34. Kb1 h5 35. Qa4 h4 36. Qc2 hxg3 37. hxg3 Qxg3 38. Qd2 Qf3 39.
c5 Qe4+ 40. Ka1 Rc8 41. c6 Rxc6 42. Rd8+ Rxd8 43. Qxd8+ Kh7 44. Qh4+ Kg6 45. Qg5+ Kh7 46.
Qh5+ Kg8 47. Rd8# 1-0

[Event "*** SCC Grand Prix: Titled Tuesday Blitz"]
[Site "Chess.com"]
[Date "2020.07.21"]
[Round "1"]
[White "vovachesss"]
[Black "tandaleo"]
[Result "0-1"]
[WhiteElo "2614"]
[BlackElo "2315"]
[TimeControl "180+1"]
[EndTime "10:07:40 PDT"]
[Termination "tandaleo won by resignation"]

1. d4 d5 2. Bf4 Nf6 3. e3 e6 4. Nf3 Bd6 5. Bg3 O-O 6. Bd3 b6 7. O-O Ba6 8. Nbd2 Qe7 9. c4 c5 10. Rc1 Nbd7 11. Qe2 Rac8 12. Rfd1 Rfd8 13. e4 Bxg3 14.
hxg3 dxc4 15. Bxc4 Bxc4 16. Nxc4 cxd4 17. Nxd4 Qb4 18.
a3 Qe7 19. b4 g6 20. b5 Nb8 21. Qe3 e5 22. Nc6 Nxc6 23. bxc6 Rxd1+ 24. Rxd1 Rxc6 25. Qd3 Kg7 26. Ne3 Qc7 27. a4 Rc3 28. Qb5 Rc1 29. Rxc1 Qxc1+ 30. Kh2 Qc5 31. Qd3 Qd4 32. Qa6 Nxe4 33.
Kg1 Qa1+ 34. Qf1 Qxf1+ 35. Kxf1 Kf6 36. Ke2 Ke6 37. Kd3 Nc5+ 38. Kc4 Nxa4 39. Kb5 Nc5 40. Kc6 Nd3 41. Kb7 Nxf2 42. Kxa7 b5 43. Kb6 b4 44. Kc5 b3 45. Nc4 e4 46. Kd4 f5 47. Ke3 Ng4+ 48.
Kd2 Kd5 49. Kc3 e3 50. Nb2 Ke4 51. Kxb3 e2 0-1